 Dungeon Crawl Stone Soup version 0.32-a0-468-g38b2580584 (webtiles) character file.

Game seed: 4372584312676696170

9921 ytrimaz the Fighter (level 11, -1/202 HPs)
             Began as a Coglin Fighter on Feb 25, 2024.
             Was an Elder of Okawaru.
             Slain by an ice devil (10 damage)
             ... on level 10 of the Dungeon.
             The game lasted 00:12:41 (9301 turns).

ytrimaz the Fighter (Coglin Fighter)                Turns: 9301, Time: 00:12:41

Health: -1/202     AC: 25    Str: 20    XL:     11   Next: 54%
Magic:  16/16      EV:  2    Int:  7    God:    Okawaru [****..]
Gold:   489        SH:  0    Dex: 15    Spells: 10/10 levels left

rFire   + . .        g - +4 flail of Ophasy {venom, rF+ rC+ rCorr}
rCold   + . .        e - +4 dagger (venom) {Bojana}
rNeg    . . .        G - melded +0 plate armour
rPois   +            (helmet currently unavailable)
rElec   .            B - melded +0 cloak {Will+}
rCorr   +            C - melded +0 pair of gloves
SInv    .            m - melded +2 pair of boots
Will    .....        (no amulet) Stlth
                     (no ring)
HPRegen 0.53/turn    (no ring)
MPRegen 0.15/turn

%: no passive effects
@: berserking, tree-form, heroic, weakened, revved, very quick
A: stationary, stasis, torment immunity, boosted hp, off-hand wielding, slow
wielding, warmup strikes, (no rings), (cold vulnerability 1)
a: Renounce Religion, Heroism, Finesse


You were on level 10 of the Dungeon.
You worshipped Okawaru.
Okawaru was greatly pleased with you.
You were a tree.
You visited 2 branches of the dungeon, and saw 11 of its levels.
You also visited: Ossuary.

You collected 559 gold pieces.
You spent 70 gold pieces at shops.


Innate Abilities, Weirdness & Mutations

You are a tree.
Your roots penetrate the ground, keeping you stationary.
You cannot be teleported.
You are immune to unholy pain and torment.
Your maximum health is greatly increased.
Your equipment is partially melded.
You can wield a second weapon in your off-hand.
It takes a long time for you to wield or remove held weapons.
Your first few attacks do less damage.
((Your grasper-arms cannot wear rings.))
((You are vulnerable to cold. (rC-)))


   Skills:
 - Level 10.0(15.0) Fighting
 - Level 4.0(9.0) Short Blades
 - Level 3.2(12.1) Axes
 + Level 9.2(14.4) Maces & Flails
 + Level 5.8(10.8) Armour
 - Level 2.1(7.1) Shields
 - Level 7.0 Invocations


You had 10 spell levels left.
You didn't know any spells.
Your spell library contained the following spells:

 Spells                   Type           Power      Damage    Failure   Level
 Apportation              Tloc           0%         N/A       43%         1
 Freeze                   Ice            0%         1d3       43%         1
 Magic Dart               Conj           0%         1d3       43%         1
 Necrotise                Necr           0%         1d4       43%         1
 Sting                    Conj/Alch      0%         1d3       43%         1
 Blink                    Tloc           0%         N/A       56%         2
 Lesser Beckoning         Tloc           0%         N/A       56%         2
 Momentum Strike          Conj/Tloc      0%         3d8       56%         2
 Frozen Ramparts          Ice            0%         1d1       80%         3
 Gell's Gravitas          Tloc           0%         N/A       80%         3
 Hailstorm                Conj/Ice       0%         3d5       80%         3
 Teleport Other           Tloc           0%         N/A       80%         3
 Dispersal                Tloc           0%         N/A       100%        6
 Summon Small Mammal      Summ           Unusable   N/A       N/A         1
 Call Imp                 Summ           Unusable   N/A       N/A         2

Inventory:

Hand Weapons
 a - a +0 war axe of protection {Chinhae}
 e - a +4 dagger of venom (offhand) {Bojana}
   (You found it on level 1 of the Dungeon)
 g - the +4 flail of Ophasy (weapon) {venom, rF+ rC+ rCorr}
   (You found it on level 3 of the Dungeon)

   rF+:       It protects you from fire.
   rC+:       It protects you from cold.
   rCorr:     It protects you from acid and corrosion.
Missiles
 q - 7 javelins
 x - 3 throwing nets
Armour
 m - a +2 pair of boots (melded)
   (You found it on level 2 of the Dungeon)
 B - a +0 cloak of willpower (melded)
   (You took it off Maurice on level 8 of the Dungeon)
 C - a +0 pair of gloves (melded)
   (You found it on level 8 of the Dungeon)
 G - a +0 plate armour (melded)
   (You took it off an orc warrior on level 9 of the Dungeon)
Wands
 o - a wand of polymorph (12)
   (You took it off Edmund on level 5 of the Dungeon)
 p - a wand of roots (7) (quivered)
   (You found it on level 5 of the Dungeon)
 y - a wand of paralysis (11)
   (You took it off Maurice on level 8 of the Dungeon)
 z - a wand of digging (10)
   (You found it on level 6 of the Dungeon)
 D - a wand of flame (16)
   (You found it on level 8 of the Dungeon)
 F - a wand of mindburst (9)
   (You found it on level 8 of the Dungeon)
Scrolls
 b - 3 scrolls of blinking
 c - 4 scrolls of teleportation
 r - a scroll of vulnerability
 u - 2 scrolls of enchant armour
Potions
 d - 2 potions of might
 h - 2 potions of mutation
 i - a potion of cancellation
 k - a potion of ambrosia
 l - 2 potions of berserk rage
 n - 2 potions of degeneration {unknown}
 t - 3 potions of enlightenment
 v - 3 potions of lignification
 w - 2 potions of haste
 A - a potion of brilliance {unknown}
 E - a potion of magic

Dungeon Overview and Level Annotations

Branches:
Dungeon (10/15) Zot: 26745  Temple (1/1) D:4 Zot: 5842     Orc (0/2) D:9
Ossuary (visited)
   Lair: D:8-11

Altars:
Ashenzari
Cheibriados
Dithmenos
Elyvilon
Fedhas
Gozag
Hepliaklqana
Kikubaaqudgha
Makhleb
Nemelex Xobeh
Okawaru
Qazlal
Ru
Sif Muna
Trog
Uskayaw
Vehumet
Wu Jian
Xom
Yredelemnul
Zin
The Shining One

Shops:
D:5 ?

Annotations:
D:3 1 runed translucent door, retardedninja's ghost, amateur MDFi
D:8 4 transporters, 3 runed translucent doors, shadowstone's ghost, novice MDFE

#.....####.......#
....### #..##...#
##### #..####..
#....## . ##....##
###...# ##..##
#...# =......
##.♣# ...ßß.. #44#
..)ßß44 #..#
?...... ##..#
#...... #...#
.....##..##
#..#...# #44...##
#....##


You could see an ice devil (extremely poisoned) and a chaos spawn (very
poisoned).


Message History

The ice devil hits you!
* * * LOW HITPOINT WARNING * * *
The ice devil freezes you! You resist.
* * * LOW HITPOINT WARNING * * *
😱 HP[-19]
You take 19 damage, and now have 24/135 hp.
Unknown command.
You sock the ice devil with the +4 flail of Ophasy!
You closely miss the ice devil with your +4 dagger of venom.
You hit the ice devil but do no damage.
You hit the ice devil with the +4 flail of Ophasy.
The orange demon stings you.
* * * LOW HITPOINT WARNING * * *
The orange demon hits you but does no damage.
The ice devil hits you!
* * * LOW HITPOINT WARNING * * *
The ice devil freezes you! You resist.
* * * LOW HITPOINT WARNING * * *
😱 HP[-20]
You take 20 damage, and now have 4/135 hp.
Unknown command.
Unknown command.
Unknown command.
You are confused.
You feel invigorated.
The orange demon stings you but does no damage.
The orange demon hits you but does no damage.
The ice devil hits you but does no damage. 😱 HP[+4] MP[+2]
You regained 4 hp, and now have 8/135 hp.
Your mp is fully restored (16).
Unknown command.
Unknown command.
You cannot move. (Use ctrl+direction or * direction to attack while stationary and confused.) Unknown command.
Unknown command.
You feel better.
You feel less invigorated. The orange demon stings you.
* * * LOW HITPOINT WARNING * * *
The orange demon hits you.
* * * LOW HITPOINT WARNING * * *
The ice devil hits you!
* * * LOW HITPOINT WARNING * * *
The ice devil freezes you. You resist.
* * * LOW HITPOINT WARNING * * *
😱 HP[-7]
You take 7 damage, and now have 1/135 hp.
Unknown command.
Okay, then.
Aiming: Fastroot
Press: ? - help, Q - select action, (/) - cycle Shift-Dir - straight line, f - orange demon
Aim: an orange demon (almost dead, extremely poisoned)
Okay, then.
Okay, then.
Okay, then.
Unknown command.
Aiming: Paralyse
Press: ? - help, Shift-Dir - straight line, f - ice devil
Aim: an ice devil (moderately wounded, chance to affect: 7%)
Okay, then.
Unknown command.
Unknown command.
You feel better.
You kill the orange demon!
Okawaru accepts your kill.
The ice devil hits you but does no damage. 😱 HP[+8]
You regained 8 hp, and now have 9/135 hp.
Unknown command.
A red film seems to cover your vision as you go berserk!
You feel yourself moving faster!
You feel mighty!
The ice devil hits you but does no damage.
The chaos spawn stings you but does no damage. 😱 HP[+5]
You now have 202 max hp (+67).
You regained 5 hp, and now have 14/202 hp.
Unknown command.
You closely miss the ice devil with the +4 flail of Ophasy.
You hit the ice devil but do no damage.
The ice devil is poisoned.
Unknown command.
You barely miss the ice devil with the +4 flail of Ophasy.
You hit the ice devil with your +4 dagger of venom.
The ice devil looks as sick as possible! 😱 HP[+1]
You closely miss the ice devil with the +4 flail of Ophasy.
You completely miss the ice devil with your +4 dagger of venom.
The ice devil hits you.
* * * LOW HITPOINT WARNING * * *
The ice devil freezes you. You resist.
* * * LOW HITPOINT WARNING * * *
The chaos spawn punches you but does no damage. 😱 HP[-6]
You take 6 damage, and now have 9/202 hp.
Unknown command.
You closely miss the ice devil with your +4 dagger of venom.
You hit the ice devil with the +4 flail of Ophasy.
Unknown command.
You closely miss the chaos spawn with your +4 dagger of venom.
You thump the chaos spawn with the +4 flail of Ophasy!
The chaos spawn is poisoned.
The ice devil hits you!
You die...

Skill      XL: |  1  2  3  4  5  6  7  8  9 10 11 |
---------------+----------------------------------+-----
Short Blades   | 1 2 3 4 |  4.0
Axes           | 3 |  3.2
Fighting       | 4 5 6 7 8 10 | 10.0
Maces & Flails | 1 2 3 5 7 8 9 |  9.2
Invocations    | 2 4 6 7 |  7.0
Armour         | 4 5 |  5.8
Shields        | |  2.1

Action                     |  1- 3 |  4- 6 |  7- 9 | 10-12 || total
---------------------------+-------+-------+-------+-------++-------
  Melee: War axe           |    40 |    15 |       |       ||    55
         Dagger            |    31 |    52 |   184 |   266 ||   533
         Flail             |       |    38 |   200 |   271 ||   509
         Unarmed           |       |       |     6 |       ||     6
 Invoke: Heroism           |       |       |       |     4 ||     4
         Finesse           |       |       |       |     1 ||     1
         Duel              |       |       |       |     1 ||     1
  Evoke: Wand              |       |       |       |    13 ||    13
    Use: Scroll            |     1 |     3 |    12 |     6 ||    22
         Potion            |       |     1 |       |    13 ||    14
 Armour: Scale mail        |    27 |    47 |   201 |   203 ||   478
         Skin              |       |       |     1 |    42 ||    43
         Plate armour      |       |       |       |    83 ||    83
  Dodge: Dodged            |    15 |    28 |   112 |   119 ||   274

Levels and vault maps discovered:
D:1:      lemuel_arrival_behind_the_door_small, layout_basic
D:2:      minmay_spotlight, layout_rooms
D:3:      layout_loops_corners, ebering_ghost_reflecting_pool
D:4:      layout_basic, nicolae_overflow_crystal_walls,
          minmay_temple_entry_mini_moons, minmay_surrounded, uniq_eustachio
D:5:      layout_loops_cross, nicolae_gozag_seed_capital, serial_shops, shop,
          chequers_ossuary_entry_cave, uniq_pikel, uniq_edmund, uniq_menkaure
D:6:      layout_rooms, chequers_jeans, uniq_blork_the_orc
D:7:      layout_basic, tso_oasis_becter, old_standard_altar
D:8:      layout_loops_corners, mainiacjoe_overflow_surrounded_room,
          gammafunk_ghost_spectres, nicolae_transporter_circle, uniq_maurice
D:9:      layout_basic, david_orc_1_choice, nicolae_elevator_lobby_plus
D:10:     layout_rooms, nicolae_eternal_life, nicolae_neqoxec_dot_bat,
          uniq_joseph, uniq_urug
Temple:   minmay_temple_bridge_d

Notes
Turn   | Place    | Note
-------+----------+-------------------------------------------
     0 | D:1      | ytrimaz the Coglin Fighter began the quest for the Orb.
     0 | D:1      | Reached XP level 1. HP: 18/18 MP: 1/1
     0 | D:1      | magus.rc [v1.9.6]
     2 | D:1      | You pick up a book of Cantrips and begin reading...
     2 | D:1      | You add the spells Sting, Necrotise, Summon Small Mammal
                  | and Apportation to your library.
     4 | D:1      | You add the spells Gell's Gravitas, Teleport Other and
                  | Dispersal to your library.
    87 | D:1      | You fall into a shaft and drop 1 floor!
   156 | D:2      | Reached XP level 2. HP: 24/24 MP: 2/2
   296 | D:2      | Reached XP level 3. HP: 29/29 MP: 3/3
   369 | D:2      | Reached skill level 1 in Short Blades
   701 | D:3      | Found a runed translucent door.
   734 | D:3      | You pick up a book of Frost and begin reading...
   734 | D:3      | You add the spells Freeze, Frozen Ramparts and Hailstorm to
                  | your library.
   898 | D:3      | Reached XP level 4. HP: 37/37 MP: 4/4
   989 | D:3      | Reached skill level 3 in Axes
  1001 | D:3      | You pick up a book of Minor Magic and begin reading...
  1001 | D:3      | You add the spells Magic Dart, Blink and Call Imp to your
                  | library.
  1274 | D:3      | Reached skill level 4 in Fighting
  1488 | D:3      | Noticed retardedninja's ghost (amateur MDFi)
  1555 | D:3      | Identified the +4 flail of Ophasy {venom, rF+ rC+ rCorr}
  1776 | D:4      | Noticed a black bear
  1790 | D:4      | Reached skill level 2 in Short Blades
  1790 | D:4      | Reached XP level 5. HP: 13/42 MP: 5/5
  1791 | D:4      | HP: 9/42 [black bear (5)]
  1793 | D:4      | HP: 4/42 [black bear (2)]
  1797 | D:4      | Killed a black bear
  1798 | D:4      | Reached skill level 1 in Maces & Flails
  1798 | D:4      | Reached XP level 6. HP: 18/49 MP: 6/6
  1999 | D:4      | Found a snail-covered altar of Cheibriados.
  2213 | D:4      | Reached skill level 2 in Maces & Flails
  2215 | D:4      | Reached skill level 3 in Short Blades
  2220 | D:4      | Reached skill level 5 in Fighting
  2220 | D:4      | Reached XP level 7. HP: 38/56 MP: 7/7
  2471 | D:4      | Found a staircase to the Ecumenical Temple.
  2471 | D:4      | Noticed Eustachio
  2485 | D:4      | Killed Eustachio
  2486 | D:4      | Reached skill level 3 in Maces & Flails
  2671 | Temple   | Entered the Ecumenical Temple
  2759 | Temple   | Became a worshipper of Warmaster Okawaru
  2990 | D:5      | Entered Level 5 of the Dungeon
  2998 | D:5      | Noticed Edmund
  3010 | D:5      | Killed Edmund
  3011 | D:5      | Reached skill level 4 in Short Blades
  3115 | D:5      | Noticed Menkaure
  3120 | D:5      | Killed Menkaure
  3121 | D:5      | Reached skill level 6 in Fighting
  3121 | D:5      | Reached XP level 8. HP: 51/64 MP: 8/8
  3125 | D:5      | Reached skill level 4 in Maces & Flails
  3130 | D:5      | Reached * piety under Okawaru
  3243 | D:5      | Found Woitedgh's Magic Scroll Emporium.
  3255 | D:5      | Reached skill level 1 in Invocations
  3269 | D:5      | Bought a scroll of identify for 28 gold pieces
  3269 | D:5      | Bought a scroll of teleportation for 42 gold pieces
  3499 | D:5      | Found a sand-covered staircase.
  3506 | Ossuary  | Entered an ossuary
  3561 | Ossuary  | Reached skill level 7 in Fighting
  3561 | Ossuary  | Reached skill level 5 in Maces & Flails
  3561 | Ossuary  | Reached skill level 2 in Invocations
  3715 | Ossuary  | Reached ** piety under Okawaru
  3862 | D:5      | Reached XP level 9. HP: 72/72 MP: 10/10
  3932 | D:5      | Noticed Pikel
  3943 | D:5      | Killed Pikel
  3944 | D:5      | Reached skill level 3 in Invocations
  4006 | D:5      | Found an opulent altar of Gozag.
  4065 | D:5      | Reached skill level 6 in Maces & Flails
  4095 | D:6      | Reached skill level 8 in Fighting
  4311 | D:6      | Reached *** piety under Okawaru
  4539 | D:6      | Reached skill level 4 in Invocations
  4687 | D:6      | Noticed Blork the orc
  4702 | D:6      | Killed Blork the orc
  5111 | D:7      | Identified the +10 halberd "Arbiter" {freeze, *Corrode
                  | rC+++ Int+5}
  5226 | D:7      | Reached skill level 7 in Maces & Flails
  5226 | D:7      | Reached XP level 10. HP: 61/82 MP: 13/13
  5298 | D:7      | Found a hazy altar of Hepliaklqana.
  5435 | D:7      | Found a glowing golden altar of the Shining One.
  5532 | D:8      | Noticed Maurice
  5547 | D:7      | Reached skill level 9 in Fighting
  5738 | D:8      | Something stole 3 throwing nets
  5742 | D:8      | Something stole a +0 war axe of protection {Chinhae}
  5746 | D:8      | Something stole 347 gold
  5752 | D:8      | Killed Maurice
  5752 | D:8      | Reached **** piety under Okawaru
  5753 | D:8      | Reached skill level 5 in Invocations
  5882 | D:8      | You pick up a book of Spatial Translocations and begin
                  | reading...
  5882 | D:8      | You add the spells Momentum Strike and Lesser Beckoning to
                  | your library.
  5898 | D:8      | Found a transporter.
  5904 | D:8      | Found a transporter.
  5906 | D:8      | Found a transporter.
  6196 | D:8      | Found a runed translucent gate.
  6197 | D:8      | Found a runed translucent gate.
  6198 | D:8      | Found a runed translucent gate.
  6199 | D:8      | Noticed shadowstone's ghost (novice MDFE)
  6218 | D:8      | Found a blossoming altar of Fedhas.
  6833 | D:8      | Noticed a kobold demonologist
  6842 | D:8      | Killed a kobold demonologist
  6843 | D:8      | Reached skill level 3 in Armour
  6856 | D:8      | Found a transporter.
  7720 | D:9      | Noticed a two-headed ogre
  7728 | D:9      | Killed a two-headed ogre
  7728 | D:9      | Reached ***** piety under Okawaru
  7729 | D:9      | Reached skill level 8 in Maces & Flails
  7729 | D:9      | Reached skill level 4 in Armour
  7729 | D:9      | Reached skill level 6 in Invocations
  7888 | D:9      | Reached skill level 10 in Fighting
  7894 | D:9      | Reached XP level 11. HP: 69/90 MP: 15/15
  7929 | D:9      | HP: 19/90 [warg (17)]
  7929 | D:9      | HP: 4/90 [warg (15)]
  7930 | D:9      | HP: 1/90 [warg (3)]
  8251 | D:9      | Found a staircase to the Orcish Mines.
  8656 | D:9      | Reached skill level 5 in Armour
  8837 | D:9      | Noticed a two-headed ogre
  8842 | D:9      | Killed a two-headed ogre
  9009 | D:10     | Entered Level 10 of the Dungeon
  9031 | D:10     | Noticed Urug
  9034 | Arena    | Entered the Arena
  9055 | Arena    | Killed Urug
  9056 | Arena    | Reached skill level 9 in Maces & Flails
  9265 | D:10     | Reached skill level 7 in Invocations
  9270 | D:10     | HP: 16/90 [poisoned by an orange demon]
  9278 | D:10     | Gained mutation: You are vulnerable to cold. (rC-) [a
                  | neqoxec]
  9281 | D:10     | HP: 31/135 [poisoned by an orange demon]
  9286 | D:10     | HP: 20/135 [orange demon (8)]
  9292 | D:10     | HP: 22/135 [orange demon (3)]
  9292 | D:10     | HP: 4/135 [ice devil (8)]
  9294 | D:10     | HP: 1/135 [ice devil (4)]
  9299 | D:10     | HP: 13/202 [ice devil (2)]
  9301 | D:10     | Slain by an ice devil

Vanquished Creatures
  2 two-headed ogres (D:9)
  Urug (Arena)
  Pikel (D:5)
  Maurice (D:8)
  An orange demon (D:10)
  A kobold demonologist (D:8)
  A shadow (D:9)
  A wraith (D:9)
  3 wargs (D:9)
  3 yaks (D:9)
  Eustachio (D:4)
  A wyvern (D:9)
  A steam dragon (D:9)
  Menkaure (D:5)
  A chaos spawn (D:10)
  2 neqoxecs (D:10)
  Edmund (D:5)
  3 water moccasins
  4 orc warriors (D:9)
  2 ice beasts (D:5)
  A sky beast (D:6)
  A black bear (D:4)
  2 centaurs
  2 ogres
  4 phantoms
  2 kobold brigands
  A lemure (D:5)
  Blork the orc (D:6)
  2 elf zombies (Ossuary)
  3 bullfrogs
  5 scorpions
  5 wights (D:8)
  22 killer bees
  3 howler monkeys (D:9)
  An electric eel (D:9)
  3 human zombies (Ossuary)
  A bombardier beetle (D:4)
  A hound (D:6)
  An orc priest (D:9)
  2 gnoll boudas
  2 sleepcaps
  4 iguanas
  4 orc wizards (D:9)
  2 hound zombies (Ossuary)
  4 mummies (Ossuary)
  8 adders
  14 gnolls
  A white imp (D:7)
  4 ufetubi (D:6)
  3 ribbon worms
  A dart slug (D:3)
  9 orcs
  4 ball pythons
  5 endoplasms
  3 giant cockroaches
  8 goblins
  7 hobgoblins
  4 jackals (D:2)
  A quokka (D:4)
  2 bats
  2 frilled lizards (D:2)
  A gnoll zombie (Ossuary)
  A goblin zombie (Ossuary)
  10 kobolds
  2 kobold zombies (Ossuary)
  An orc zombie (Ossuary)
  3 rats
205 creatures vanquished.

Table legend:
 A = Non-vault XP
 B = Vault XP
 C = Vault XP percentage of total XP
 D = Non-vault monster count
 E = Vault monster count
 F = Vault count percentage of total count
                 A         B        C        D         E       F
            +---------+---------+-------+---------+---------+-------
      Total |    9227 |    4947 |  34.9 |     163 |      41 |  20.1
            +---------+---------+-------+---------+---------+-------
        D:1 |       7 |       0 |   0.0 |       4 |       0 |   0.0
        D:2 |      51 |       5 |   8.9 |      17 |       1 |   5.6
        D:3 |      77 |       0 |   0.0 |      13 |       0 |   0.0
        D:4 |     397 |     338 |  46.0 |      21 |       5 |  19.2
        D:5 |     892 |     946 |  51.5 |      13 |       3 |  18.8
        D:6 |     882 |      99 |  10.1 |      19 |       1 |   5.0
        D:7 |     766 |       0 |   0.0 |      12 |       0 |   0.0
        D:8 |    1358 |     520 |  27.7 |      21 |       1 |   4.5
        D:9 |    4736 |     880 |  15.7 |      42 |       9 |  17.6
       D:10 |      61 |     926 |  93.8 |       1 |       4 |  80.0
    Ossuary |       0 |     439 | 100.0 |       0 |      16 | 100.0
      Arena |       0 |     794 | 100.0 |       0 |       1 | 100.0
            +---------+---------+-------+---------+---------+-------

Skill      XL: |  1  2  3  4  5  6  7  8  9 10 11 |
---------------+----------------------------------+-----
Short Blades   | 1 2 3 4 |  4.0
Axes           | 3 |  3.2
Fighting       | 4 5 6 7 8 10 | 10.0
Maces & Flails | 1 2 3 5 7 8 9 |  9.2
Invocations    | 2 4 6 7 |  7.0
Armour         | 4 5 |  5.8
Shields        | |  2.1

Action                     |  1- 3 |  4- 6 |  7- 9 | 10-12 || total
---------------------------+-------+-------+-------+-------++-------
  Melee: War axe           |    40 |    15 |       |       ||    55
         Dagger            |    31 |    52 |   184 |   266 ||   533
         Flail             |       |    38 |   200 |   271 ||   509
         Unarmed           |       |       |     6 |       ||     6
 Invoke: Heroism           |       |       |       |     4 ||     4
         Finesse           |       |       |       |     1 ||     1
         Duel              |       |       |       |     1 ||     1
  Evoke: Wand              |       |       |       |    13 ||    13
    Use: Scroll            |     1 |     3 |    12 |     6 ||    22
         Potion            |       |     1 |       |    13 ||    14
 Armour: Scale mail        |    27 |    47 |   201 |   203 ||   478
         Skin              |       |       |     1 |    42 ||    43
         Plate armour      |       |       |       |    83 ||    83
  Dodge: Dodged            |    15 |    28 |   112 |   119 ||   274

Illustrated notes

Table legend:
 A = Kills in this place as a percentage of kills in the entire game.
 B = Kills by you in this place as a percentage of kills by you in the entire game.
 C = Kills by friends in this place as a percentage of kills by friends in the entire game.
 D = Other kills in this place as a percentage of other kills in the entire game.
 E = Experience gained in this place as a percentage of experience gained in the entire game.
 F = Experience gained in this place divided by the number of levels of this place that you have seen.
                   A       B       C       D       E      F
               +-------+-------+-------+-------+-------+----------------------
         Total | 100.0 | 100.0 |   N/A |   N/A | 100.0 | 1090.3
       Dungeon |  91.7 |  91.7 |   N/A |   N/A |  91.3 | 1294.1
       Ossuary |   7.8 |   7.8 |   N/A |   N/A |   3.1 | 439.0
         Arena |   0.5 |   0.5 |   N/A |   N/A |   5.6 | 794.0
               +-------+-------+-------+-------+-------+----------------------

Table legend: (Time is in decaauts)
 A = Elapsed time spent in this place.
 B = Non-inter-level travel time spent in this place.
 C = Inter-level travel time spent in this place.
 D = Time resting spent in this place.
 E = Time spent auto-exploring this place.
 F = Levels seen in this place.
 G = Mean time per level.
                   A        B        C        D        E       F      G
               +--------+--------+--------+--------+--------+-----+--------+
         Total |   9289 |   8950 |    339 |    366 |   6949 |  13 |  714.5 |
       Dungeon |   8782 |   8579 |    203 |    334 |   6766 |  10 |  878.2 |
        Temple |    157 |     21 |    136 |      0 |      9 |   1 |  157.0 |
       Ossuary |    330 |    330 |      0 |     32 |    174 |   1 |  330.0 |
         Arena |     18 |     18 |      0 |      0 |      0 |   1 |   18.0 |
               +--------+--------+--------+--------+--------+-----+--------+

Top non-repeatable levels by time:
     D:9: 1945 daAuts
     D:8: 1363 daAuts
     D:4: 1078 daAuts
     D:3: 1068 daAuts
     D:7: 845 daAuts
     D:6: 767 daAuts
     D:5: 761 daAuts
     D:2: 608 daAuts
 Ossuary: 330 daAuts
    D:10: 254 daAuts
  Temple: 157 daAuts
     D:1: 89 daAuts
   Arena: 18 daAuts
